 Dungeon Crawl Stone Soup version 0.30-a0-55-g90e3122c3a (webtiles) character file.

Game seed: 12042175813958420720

25 jlumianski the Ducker (level 2, -5/22 HPs)
             Began as a Demonspawn Gladiator on Sept 9, 2022.
             Slain by a worm (9 damage)
             ... on level 1 of the Dungeon.
             The game lasted 00:01:49 (653 turns).

jlumianski the Ducker (Demonspawn Gladiator)         Turns: 653, Time: 00:01:49

Health: -5/22      AC:  4    Str: 14    XL:     2   Next: 82%
Magic:  2/2        EV: 12    Int:  9    God:
Gold:   0          SH:  0    Dex: 14    Spells: 1/1 levels left

rFire   . . .      SeeInvis .    a - +0 war axe
rCold   . . .      Faith    .    (no shield)
rNeg    . . .      Spirit   .    b - +0 leather armour
rPois   .          Reflect  .    (helmet restricted)
rElec   .          Harm     .    (no cloak)
rCorr   .          Rampage  .    g - +0 pair of gloves
Will    .....                    (no boots)
Stlth   +.........               (no amulet)
HPRegen 0.07/turn                (no ring)
MPRegen 0.08/turn                (no ring)

@: no status effects
A: antennae 1
a: no special abilities


You were on level 1 of the Dungeon.
You visited 1 branch of the dungeon, and saw 2 of its levels.

Inventory:

Hand Weapons
 a - a +0 war axe (weapon)
Missiles
 d - 3 throwing nets (quivered)
 e - a javelin
 f - 4 stones
Armour
 b - a +0 leather armour (worn)
 c - a +0 helmet
 g - a +0 pair of gloves (worn)


   Skills:
 + Level 2.1 Fighting
 + Level 3.0 Axes
 + Level 2.0 Throwing
 + Level 0.1 Armour
 + Level 3.1 Dodging
 + Level 0.3 Stealth


You had one spell level left.
You didn't know any spells.
Your spell library was empty.

Dungeon Overview and Level Annotations

Branches:
Dungeon (2/15)

Altars:


Innate Abilities, Weirdness & Mutations

You have a pair of small antennae on your head.


Message History

You kill the kobold!
You feel sick. The kobold hits you but does no damage.
Your Axes skill increases to level 3!
Your Dodging skill increases to level 3!
You barely miss the kobold.
You feel sick. The kobold hits you but does no damage.
You barely miss the kobold.
You feel sick. The kobold hits you with a +0 dagger.
* * * LOW HITPOINT WARNING * * *
The kobold closely misses you.
You barely miss the kobold.
You feel sick.
You are no longer poisoned.
The kobold hits you but does no damage. The kobold closely misses you.
You climb upwards.
There is a stone staircase leading down here.
You barely miss the kobold. The kobold hits you with a +0 dagger.
* * * LOW HITPOINT WARNING * * *
You slash the kobold!
You kill the kobold!
You start resting.
HP restored.
You climb downwards.
There is a stone staircase leading up here.
The worm bites you!
You climb upwards.
There is a stone staircase leading down here.
You hit the worm.
The worm is lightly wounded.
You barely miss the worm.
The worm is lightly wounded.
The worm bites you!
* * * LOW HITPOINT WARNING * * *
You barely miss the worm.
The worm is lightly wounded.
The worm closely misses you.
You hit the worm.
The worm is lightly wounded.
The worm bites you!
You die...

....g...##.###.###.##
#..####............
#...####.###.###.##
##..########......#
..................#
....##########..###
....# ##.....## ...##
##..)^...## .###
#......@..# ##
#......)w.....# #
#............#.# ..#
##..^..^^....# #...
#.......^.#.# #.
##.......##.#
##.....## # ###.###


You could see a worm.

Vanquished Creatures
  An adder (D:2)
  A bat (D:2)
  3 endoplasms (D:1)
  A goblin (D:1)
  3 hobgoblins (D:1)
  A ball python (D:2)
  2 frilled lizards (D:1)
  2 kobolds
  A rat (D:1)
15 creatures vanquished.

Notes
Turn   | Place    | Note
-------+----------+-------------------------------------------
     0 | D:1      | jlumianski the Demonspawn Gladiator began the quest for the
                  | Orb.
     0 | D:1      | Reached XP level 1. HP: 16/16 MP: 1/1
   106 | D:1      | Gained mutation: You have a pair of small antennae on your
                  | head. [demonic ancestry]
   106 | D:1      | Reached XP level 2. HP: 4/22 MP: 2/2
   653 | D:1      | Slain by a worm

Illustrated notes

Levels and vault maps discovered:
D:1:      dpeg_arrival_arbitrary_a, layout_rooms, serial_shops,
          nicolae_shop_hallway_stairs, grunt_decor_cap, grunt_decor_one_mirror,
          nicolae_concentric_dashed_squares_wild, nicolae_wormholes
D:2:      layout_rooms, shapermc_ecumenical_altar_pompeii

Skill      XL: |  1  2 |
---------------+-------+-----
Throwing       | 2 |  2.0
Axes           | 3 |  3.0
Dodging        | 3 |  3.1
Fighting       | |  2.1
Armour         | |  0.1
Stealth        | |  0.3

Action                   || total
-------------------------++-------
Melee: War axe           ||    38
 Stab: Sleeping          ||     1
Armor: Leather armour    ||    14
Dodge: Dodged            ||    41

Table legend: (Time is in decaauts)
 A = Elapsed time spent in this place.
 B = Non-inter-level travel time spent in this place.
 C = Inter-level travel time spent in this place.
 D = Time resting spent in this place.
 E = Time spent auto-exploring this place.
 F = Levels seen in this place.
 G = Mean time per level.
                   A        B        C        D        E       F      G
               +--------+--------+--------+--------+--------+-----+--------+
         Total |    668 |    668 |      0 |    495 |      6 |   2 |  334.0 |
       Dungeon |    668 |    668 |      0 |    495 |      6 |   2 |  334.0 |
               +--------+--------+--------+--------+--------+-----+--------+

Top non-repeatable levels by time:
     D:1: 639 daAuts
     D:2: 28 daAuts
